 Dungeon Crawl Stone Soup version 0.28-a0-726-g4a9143789a (webtiles) character file.

Game seed: 13825025491229778756

2 kae the Sneak (level 1, 0/9 HPs)
             Began as a Spriggan Enchanter on Oct 27, 2021.
             Slain by a bat (1 damage)
             ... on level 1 of the Dungeon.
             The game lasted 00:00:20 (112 turns).

kae the Sneak (Spriggan Enchanter)                   Turns: 112, Time: 00:00:21

Health: 0/9        AC:  2    Str:  4    XL:     1   Next: 25%
Magic:  5/5        EV: 17    Int: 16    God:
Gold:   0          SH:  0    Dex: 15    Spells: 5/5 levels left

rFire   . . .      SeeInvis +   a - +1 dagger
rCold   . . .      Faith    .   (shield restricted)
rNeg    . . .      Spirit   .   b - +0 robe
rPois   .          Reflect  .   (helmet restricted)
rElec   .          Harm     .   (no cloak)
rCorr   .          Rampage  .   (gloves unavailable)
Will    .....                   (boots unavailable)
Stlth   +++.......              (no amulet)
HPRegen 0.03/turn               (no ring)
MPRegen 0.09/turn               (no ring)

@: invisible, very quick
A: very small, no large weapons, unfitting armour, see invisible, speed 3
a: no special abilities


You were on level 1 of the Dungeon.
You visited 1 branch of the dungeon, and saw 1 of its levels.

Inventory:

Hand Weapons
 a - a +1 dagger (weapon)
Armour
 b - a +0 robe (worn)
Jewellery
 d - an amulet of faith


   Skills:
 + Level 0.0 Fighting
 * Level 1.2 Short Blades
 + Level 2.7 Dodging
 + Level 4.4 Stealth
 + Level 2.7 Spellcasting
 + Level 3.6 Hexes


You had 5 spell levels left.
You didn't know any spells.
Your spell library contained the following spells:

 Spells                   Type           Power      Damage    Failure   Level
 Confusing Touch          Hex            13%        N/A       13%         3
 Tukima's Dance           Hex            13%        N/A       13%         3
 Ensorcelled Hibernation  Hex/Ice        16%        N/A       14%         2
 Dazzling Flash           Conj/Hex       16%        N/A       26%         3


Dungeon Overview and Level Annotations

Branches:
Dungeon (1/15)

Altars:


Innate Abilities, Weirdness & Mutations

You are very small and have problems with some larger weapons.
You are too small for most types of armour.
You have supernaturally acute eyesight. (SInv)
You cover ground extremely quickly. (Speed+++)


Message History

The bat misses you. The ball python bites you.
* * * LOW HITPOINT WARNING * * *
The ball python completely misses you.
You hit the ball python.
The ball python is moderately wounded.
The bat completely misses you. The bat hits you.
* * * LOW HITPOINT WARNING * * *
The ball python bites you but does no damage.
The ball python misses you.
You hit the ball python.
You kill the ball python!
The bat closely misses you. The bat hits you but does no damage.
Found a dented platinum amulet.
The bat closely misses you. The bat completely misses you.
Found 13 bolts.
Found a stone staircase leading down.
The bat barely misses you.
You see here an amulet of faith.
d - an amulet of faith The bat closely misses you.
The bat misses you. The bat completely misses you. The bat misses you.
The bat hits you.
* * * LOW HITPOINT WARNING * * *
The bat closely misses you. The bat hits you but does no damage.
There is a stone staircase leading down here.
The bat misses you.
You see here 13 bolts.
You barely miss the bat. The bat misses you.
The bat hits you but does no damage.
You hit the bat but do no damage. The bat closely misses you.
You closely miss the bat. The bat closely misses you.
You hit the bat.
The bat is moderately wounded.
The bat barely misses you.
You closely miss the bat.
The bat is moderately wounded.
The bat misses you. The bat closely misses you.
You fade into invisibility!
The bat hits you.
You die...

.#.#.#....
#.........
##.####### #### .
#### . ... # #.# #
#
#.#####.########.#
#
#.........g>bb@..#
#
#######.##########
# #.# # #.#
#########.#
...g......#
########### # #


You could see a hobgoblin and 2 bats.

Vanquished Creatures
  2 ball pythons (D:1)
  A rat (D:1)
3 creatures vanquished.

Notes
Turn   | Place    | Note
-------+----------+-------------------------------------------
     0 | D:1      | kae the Spriggan Enchanter began the quest for the Orb.
     0 | D:1      | Reached XP level 1. HP: 9/9 MP: 5/5
   112 | D:1      | Slain by a bat

Illustrated notes

Levels and vault maps discovered:
D:1:      dpeg_arrival_rooms_b, layout_loops_ring, hangedman_decor_growths

Action                   || total
-------------------------++-------
Melee: Dagger            ||    16
  Use: Potion            ||     1
 Stab: Sleeping          ||     2
Armor: Robe              ||     4
Dodge: Dodged            ||    32

Table legend: (Time is in decaauts)
 A = Elapsed time spent in this place.
 B = Non-inter-level travel time spent in this place.
 C = Inter-level travel time spent in this place.
 D = Time resting spent in this place.
 E = Time spent auto-exploring this place.
 F = Levels seen in this place.
 G = Mean time per level.
                   A        B        C        D        E       F      G
               +--------+--------+--------+--------+--------+-----+--------+
         Total |     74 |     74 |      0 |      0 |     16 |   1 |   74.0 |
       Dungeon |     74 |     74 |      0 |      0 |     16 |   1 |   74.0 |
               +--------+--------+--------+--------+--------+-----+--------+

Top non-repeatable levels by time:
     D:1: 74 daAuts
